 Dungeon Crawl Stone Soup version 0.26.0-18-gc5c842f807 (webtiles) character file.

Game seed: 9694825892369505674

685 kaeus the Skirmisher (level 7, -5/56 HPs)
             Began as a Demonspawn Fighter on Jan 22, 2021.
             Slain by a centaur (7 damage)
             ... in the Ecumenical Temple.
             The game lasted 00:05:20 (5842 turns).

kaeus the Skirmisher (Demonspawn Fighter)           Turns: 5842, Time: 00:05:20

Health: -5/56      AC:  8    Str: 18    XL:     7   Next: 35%
Magic:  7/7        EV:  8    Int:  9    God:
Gold:   315        SH:  9    Dex: 13    Spells: 6/6 levels left

rFire    . . .     SeeInvis +   a - +0 war axe
rCold    . . .     Faith    .   c - +0 kite shield
rNeg     . . .     Spirit   .   n - +0 troll leather armour
rPois    .         Reflect  .   (no helmet)
rElec    .         Harm     .   (no cloak)
rCorr    .         Rampage  .   (gloves unavailable)
Will     .....                  e - +0 pair of boots
Stlth    +.........             (no amulet)
HPRegen  0.58/turn              i - ring of flight
MPRegen  0.10/turn              k - ring of see invisible

@: no status effects
A: claws 3, slimy green scales 1, powered by death 1
a: Evoke Flight


You were in the Ecumenical Temple.
You visited 2 branches of the dungeon, and saw 6 of its levels.

You collected 315 gold pieces.

Inventory:

Hand Weapons
 a - a +0 war axe (weapon)
Armour
 b - a +0 scale mail
 c - a +0 kite shield (worn)
 e - a +0 pair of boots (worn)
 n - a +0 troll leather armour (worn)
Jewellery
 h - an uncursed amulet of faith {unknown}
 i - a ring of flight (left claw)
 k - a ring of see invisible (right claw)
 p - an uncursed ring of resist corrosion {unknown}
Scrolls
 d - a scroll of enchant weapon {unknown}
 g - 3 scrolls of teleportation
 j - 9 scrolls of identify
 q - a scroll of magic mapping
Potions
 f - a potion of haste {unknown}
 l - a potion of flight {unknown}
 m - a potion of heal wounds {unknown}
 o - a potion of cancellation {unknown}
 r - a potion of brilliance {unknown}
 s - a potion of degeneration {unknown}


   Skills:
 + Level 5.0 Fighting
 + Level 4.0 Axes
 + Level 4.5 Armour
 + Level 4.5 Shields


You had 6 spell levels left.
You didn't know any spells.
Your spell library was empty.

Dungeon Overview and Level Annotations

Branches:
Dungeon (5/15)             Temple (1/1) D:5

Altars:
Nemelex Xobeh
Ru
Uskayaw
The Shining One


Innate Abilities, Weirdness & Mutations

You have claws for hands.
You are partially covered in slimy green scales. (AC +2)
You regenerate a little health from kills.


Message History

You hit the centaur.
The centaur hits you but does no damage.
You block the scorpion's attack.
The centaur hits you but does no damage.
You slash the scorpion!
The scorpion is almost dead.
You slash the centaur! The centaur hits you.
* * * LOW HITPOINT WARNING * * *
The scorpion stings you.
* * * LOW HITPOINT WARNING * * *
The centaur hits you.
* * * LOW HITPOINT WARNING * * *
You block the scorpion's attack. You block the centaur's attack.
You take 6 damage, and have 11/56 hp.
You hit the scorpion.
You kill the scorpion!
You hit the centaur but do no damage. The centaur hits you!
* * * LOW HITPOINT WARNING * * *
The centaur hits you!
You die...

.......
.......
.......
..._...
.......
.......
.......##
._.._..@#
......c##
.......
.......
..._...
.......
.......
.......


You could see a centaur.

Vanquished Creatures
  Duvessa (D:4)
  Dowan (D:4)
  A scorpion (Temple)
  A howler monkey (D:4)
  2 hounds (D:5)
  An orc priest (D:3)
  A centaur skeleton (D:4)
  6 orc wizards
  2 worker ants
  6 adders
  2 oozes (D:2)
  4 worms
  2 leopard geckos
  8 orcs
  A ball python (D:1)
  3 giant cockroaches
  6 goblins
  5 hobgoblins
  7 jackals
  2 quokkas (D:3)
  6 bats
  10 frilled lizards
  A jackal skeleton (D:4)
  10 kobolds
  7 rats
96 creatures vanquished.

Vanquished Creatures (others)
  A plant (D:1)
1 creature vanquished.

Grand Total: 97 creatures vanquished

Notes
Turn   | Place    | Note
-------+----------+-------------------------------------------
     0 | D:1      | kaeus the Demonspawn Fighter began the quest for the Orb.
     0 | D:1      | Reached XP level 1. HP: 18/18 MP: 1/1
   300 | D:1      | Gained mutation: You have sharp fingernails. [demonic
                  | ancestry]
   300 | D:1      | Reached XP level 2. HP: 24/24 MP: 2/2
  1264 | D:2      | Reached XP level 3. HP: 28/29 MP: 3/3
  2563 | D:3      | Gained mutation: You are partially covered in slimy green
                  | scales. (AC +2) [demonic ancestry]
  2563 | D:3      | Reached XP level 4. HP: 13/35 MP: 4/4
  4009 | D:3      | Gained mutation: You have very sharp fingernails. [demonic
                  | ancestry]
  4009 | D:3      | Reached XP level 5. HP: 10/42 MP: 5/5
  4183 | D:3      | Reached skill level 4 in Fighting
  4530 | D:4      | Noticed Dowan
  4531 | D:4      | Noticed Duvessa
  4768 | D:3      | Gained mutation: You have claws for hands. [demonic
                  | ancestry]
  4768 | D:3      | Reached XP level 6. HP: 48/48 MP: 6/6
  5031 | D:4      | Killed Duvessa
  5040 | D:4      | Killed Dowan
  5366 | D:4      | Gained mutation: You regenerate a little health from kills.
                  | [demonic ancestry]
  5366 | D:4      | Reached XP level 7. HP: 55/55 MP: 7/7
  5663 | D:5      | Entered Level 5 of the Dungeon
  5793 | D:5      | Reached skill level 5 in Fighting
  5822 | D:5      | Found a staircase to the Ecumenical Temple.
  5839 | Temple   | Entered the Ecumenical Temple
  5842 | Temple   | HP: 2/56 [centaur (9)]
  5842 | Temple   | Slain by a centaur

Illustrated notes

Levels and vault maps discovered:
D:1:      denvon_arrival_planthouse, layout_basic
D:2:      layout_basic, serial_corexii_hall, corexii_hall_statues_deadend,
          corexii_hall_statues_l
D:3:      layout_loops_ring, serial_co_window_serial, co_window_corner_a,
          co_window_paths_a, co_window_of_opportunity_a, co_window_paths_a,
          co_window_paths_a, co_window_broadway_c, co_window_broadway_c,
          co_window_2corner, co_window_paths_c, co_window_broadway_a,
          co_window_4corner_a, co_window_paths_e, glass_columns_b,
          glass_columns_a, glass_columns_b, glass_columns_a
D:4:      layout_loops_cross, guppyfry_early_lair_pool, uniq_duvessa
D:5:      layout_basic, minmay_temple_entry_ruins, enter_ossuary_4, basic_altar
Temple:   nicolae_temple_the_god_donut

Skill      XL: |  1  2  3  4  5  6  7 |
---------------+----------------------+-----
Axes           | 2 3 4 |  4.0
Armour         | 3 4 |  4.5
Shields        | 3 4 |  4.5
Fighting       | 4 5 |  5.0

Action                   |  1- 3 |  4- 6 |  7- 9 || total
-------------------------+-------+-------+-------++-------
Melee: War axe           |   183 |   182 |    53 ||   418
  Use: Scroll            |     4 |       |       ||     4
       Potion            |       |     1 |       ||     1
Armor: Scale mail        |    85 |    24 |       ||   109
       Troll leather arm |       |    54 |    28 ||    82
Dodge: Dodged            |    59 |    65 |    23 ||   147
Block: Kite shield       |   102 |   116 |    22 ||   240
